 Dungeon Crawl Stone Soup version 0.29.0-15-g675c0067aa (webtiles) character file.

Game seed: 16757759781471237992

0 qw the Sneak (level 1, -1/14 HPs)
             Began as a Gargoyle Delver on Sept 11, 2022.
             Slain by an orc
             ... wielding a +2 falchion of holy wrath
              (2 damage)
             ... on level 4 of the Dungeon.
             The game lasted 00:00:02 (43 turns).

qw the Sneak (Gargoyle Delver)                        Turns: 43, Time: 00:00:02

Health: -1/14      AC:  6    Str: 15    XL:     1   Next: 10%
Magic:  1/1        EV: 11    Int: 10    God:
Gold:   14         SH:  0    Dex: 11    Spells: 0/0 levels left

rFire   . . .      SeeInvis .   a - +0 hand axe
rCold   . . .      Faith    .   (no shield)
rNeg    + . .      Spirit   .   b - +0 leather armour
rPois   inf        Reflect  .   h - +0 helmet
rElec   +          Harm     .   (no cloak)
rCorr   .          Rampage  .   (no gloves)
Will    .....                   (no boots)
Stlth   +++.......              (no amulet)
HPRegen 0.04/turn               (no ring)
MPRegen 0.07/turn               (no ring)

@: no status effects
A: sickness immunity, AC +2, negative energy resistance 1, electricity
resistance, torment resistance 1, petrification resistance
a: no special abilities


You were on level 4 of the Dungeon.
You visited 1 branch of the dungeon, and saw 2 of its levels.

You collected 14 gold pieces.


Innate Abilities, Weirdness & Mutations

You are immune to sickness and miasma.
Your stone body is resilient. (AC +2)
You are immune to poison.
You resist negative energy. (rN+)
You are resistant to electric shocks. (rElec)
You are resistant to unholy torment.
You are immune to petrification.


   Skills:
 - Level 3.2 Fighting
 + Level 1.8 Axes
 - Level 1.5 Dodging
 - Level 5.4 Stealth


You couldn't memorise any spells.
You didn't know any spells.
Your spell library was empty.

Inventory:

Hand Weapons
 a - a +0 hand axe (weapon)
Armour
 b - a +0 leather armour (worn)
 h - a +0 helmet (worn)
Wands
 g - a wand of digging (3)
Potions
 f - a potion of haste

Dungeon Overview and Level Annotations

Branches:
Dungeon (5/15)
 Temple: D:4-7

Altars:


Message History

There is a stone staircase leading down here.
An orc priest is nearby!
Existing waypoints: (2) D:5 Assign waypoint to what number? (0-9, D - delete waypoint) Waypoint 1 assigned to D:4.
The orc priest shouts!
An orc comes into view.
It is wielding a +2 falchion of holy wrath.
An orc comes into view. It is wielding a +0 hand axe.
The orc shouts! x2; You hear a shout!
An orc priest comes into view. It is wielding a +0 whip.
You hear a shout!
35 ||| Stepping ~*~*~tactically~*~*~ (hiding).
36 ||| Stepping ~*~*~tactically~*~*~ (hiding).
A kobold comes into view. It is wielding a +0 dagger.
You hit the kobold but do no damage. The kobold closely misses you.
You closely miss the orc. You hit the kobold.
You kill the kobold!
The orc hits you but does no damage.
You hit the orc but do no damage. You barely miss the orc.
You hit the orc but do no damage.
The orc hits you with a +2 falchion of holy wrath!
Ouch! That really hurt!
The orc misses you.
You hit the orc.
The orc is lightly wounded.
You hit the orc. The orc barely misses you. The orc closely misses you.
The orc priest calls upon Beogh to heal the orc.
The orc's wounds heal themselves!
The orc priest calls upon Beogh to heal the orc.
The orc's wounds heal themselves!
The orc hits you but does no damage.
You hit the orc.
The orc is heavily wounded.
You barely miss the orc.
A giant cockroach comes into view.
The orc hits you with a +0 hand axe.
The orc hits you with a +2 falchion of holy wrath.
You die...

## # ... .
. .o.
#.##.#oo
...#.# #
#....
#.#.#o## #
#.....o##.#
####.oo@).#
#......#
#.B#####
#........#
#..###...#
#.## .# #.
#. #.


You could see 2 orc priests, 2 orcs and a giant cockroach (wandering).

Vanquished Creatures
  A kobold (D:4)
1 creature vanquished.

Notes
Turn   | Place    | Note
-------+----------+-------------------------------------------
     0 | D:5      | qw the Gargoyle Delver began the quest for the Orb.
     0 | D:5      | Reached XP level 1. HP: 14/14 MP: 1/1
     0 | D:5      | 0 ||| qw: Version: 0.1-a-118-gb4e7ce6
     0 | D:5      | 0 ||| qw: Game counter: 10309
     0 | D:5      | 0 ||| qw: Always use a shield: true
     0 | D:5      | 0 ||| qw: God list: Okawaru
     0 | D:5      | 0 ||| qw: Allow faded altars: false
     0 | D:5      | 0 ||| qw: Do Orc after D:15 true
     0 | D:5      | 0 ||| qw: Do second Lair branch before Depths: true
     0 | D:5      | 0 ||| qw: Lair rune preference: random
     0 | D:5      | 0 ||| qw: Plans: Normal
     0 | D:5      | 0 ||| PLANNING D:1-11
    19 | D:5      | 19 ||| UPGRADING to +0 helmet.
    24 | D:5      | 24 ||| DROPPING scroll of fog.
    25 | D:5      | 25 ||| DROPPING scroll of magic mapping.
    26 | D:5      | 26 ||| DROPPING scroll of fear.
    32 | D:4      | Noticed an orc priest
    34 | D:4      | Noticed an orc priest
    35 | D:4      | 35 ||| Stepping ~*~*~tactically~*~*~ (hiding).
    36 | D:4      | 36 ||| Stepping ~*~*~tactically~*~*~ (hiding).
    43 | D:4      | HP: 1/14 [orc/+0 hand axe (6)]
    43 | D:4      | Slain by an orc

Levels and vault maps discovered:
D:4:      layout_basic
D:5:      layout_loops_cross, sigmund_edmund_badplayer, uniq_eustachio,
          uniq_pikel

Action                   || total
-------------------------++-------
Melee: Hand axe          ||     6
Armor: Leather armour    ||     2
Dodge: Dodged            ||     4

Table legend:
 A = Non-vault XP
 B = Vault XP
 C = Vault XP percentage of total XP
 D = Non-vault monster count
 E = Vault monster count
 F = Vault count percentage of total count
                 A         B        C        D         E       F
            +---------+---------+-------+---------+---------+-------
      Total |       1 |       0 |   0.0 |       1 |       0 |   0.0
            +---------+---------+-------+---------+---------+-------
        D:4 |       1 |       0 |   0.0 |       1 |       0 |   0.0
            +---------+---------+-------+---------+---------+-------
